 Dungeon Crawl Stone Soup version 0.22-a0-271-gc000056 (webtiles) character file.

107 RoseArtemis the Chopper (level 4, -4/41 HPs)
             Began as a Minotaur Fighter on Mar 10, 2018.
             Slain by a gnoll
             ... wielding a +0 spear
              (5 damage)
             ... on level 3 of the Dungeon.
             The game lasted 00:03:08 (2141 turns).

RoseArtemis the Chopper (Minotaur Fighter)          Turns: 2141, Time: 00:03:09

Health: -4/41      AC:  7    Str: 20    XL:     4   Next: 57%
Magic:  3/3        EV:  4    Int:  5    God:
Gold:   161        SH:  0    Dex: 11    Spells: 3/3 levels left

rFire    . . .     SeeInvis .   a - +0 war axe
rCold    . . .     Gourm    .   c - +0 shield
rNeg     . . .     Faith    .   t - +0 scale mail
rPois    .         Spirit   .   (helmet restricted)
rElec    .         Reflect  .   (no cloak)
rCorr    .         Harm     .   (no gloves)
MR       .....                  (no boots)
Stlth    ..........             (no amulet)
HPRegen  0.13/turn              (no ring)
MPRegen  0.08/turn              (no ring)

@: held
A: retaliatory headbutt, horns 2
a: no special abilities


You were on level 3 of the Dungeon.
You were not hungry.

You visited 1 branch of the dungeon, and saw 3 of its levels.

You collected 161 gold pieces.

Inventory:

Hand Weapons
 a - a +0 war axe (weapon)
 b - a +0 blowgun
Missiles
 v - 20 poisoned needles
Armour
 c - a +0 shield (worn)
 t - a +0 scale mail (worn)
Jewellery
 p - a +5 ring of intelligence {unknown}
 r - an uncursed amulet of the acrobat {unknown}
 s - an uncursed ring of fire {unknown}
Scrolls
 e - a scroll of random uselessness {unknown}
 g - 3 scrolls of remove curse {unknown}
 i - 3 scrolls of enchant armour {unknown}
 j - 2 scrolls of identify {unknown}
 n - 2 scrolls of immolation {unknown}
 w - a scroll of amnesia {unknown}
 x - a scroll of teleportation {unknown}
Potions
 d - a potion of might
 h - a potion of curing {unknown}
 l - a potion of cancellation {unknown}
 m - a potion of berserk rage {unknown}
 o - a potion of haste {unknown}
 q - a potion of brilliance {unknown}
 u - 2 potions of flight {unknown}
 z - 2 potions of lignification {unknown}
Comestibles
 f - 6 rations
 k - 13 chunks of flesh


   Skills:
 + Level 4.5 Fighting
 * Level 4.5 Axes
 + Level 4.4 Armour
 - Level 3.6 Shields


You had 3 spell levels left.
You didn't know any spells.

Dungeon Overview and Level Annotations

Branches:
Dungeon (3/15)

Altars:
Elyvilon


Innate Abilities, Weirdness & Mutations

You reflexively headbutt those who attack you in melee.
You have a pair of horns on your head.


Message History

The gnoll throws a throwing net.
The throwing net hits you.
You become entangled in the net!
You are held in a net!
You are held in a net!
You are held in a net!
You tear a large gash into the net.
The adder bites you but does no damage. The leopard gecko bites you.
The gnoll hits you from afar with a halberd.
The gnoll hits you but does no damage. The leopard gecko bites you.
The adder bites you but does no damage.
You struggle against the net.
The gnoll hits you from afar with a halberd!
* * * LOW HITPOINT WARNING * * *
The adder bites you.
* * * LOW HITPOINT WARNING * * *
The leopard gecko bites you.
* * * LOW HITPOINT WARNING * * *
The gnoll barely misses you. You furiously retaliate!
You headbutt the gnoll.
The gnoll hits you from afar with a spear.
You die...

###.....####......
#............#
#.)........#
#..........#
#.......###.##
.........# #..##########
.####....# ##..#.......#
#####.#######...........
....... ......?.@S......
####### #####...gl......
######## ###.gg......
........ ..........
######## ###>......#
......... .........
....$....


You could see 3 gnolls, an adder and a leopard gecko.

Vanquished Creatures
  A gnoll (D:1)
  An adder (D:3)
  2 oozes
  A worm (D:3)
  2 dart slugs (D:1)
  A leopard gecko (D:1)
  An orc (D:3)
  A ball python (D:2)
  4 giant cockroaches
  9 goblins
  10 hobgoblins
  4 jackals (D:3)
  9 kobolds
  3 quokkas
  6 bats
  10 rats
65 creatures vanquished.

Vanquished Creatures (others)
  A quokka (D:2)
1 creature vanquished.

Grand Total: 66 creatures vanquished

Notes
Turn   | Place    | Note
-------+----------+-------------------------------------------
     0 | D:1      | RoseArtemis the Minotaur Fighter began the quest for the Orb.
     0 | D:1      | Reached XP level 1. HP: 19/19 MP: 0/0
    64 | D:1      | Reached XP level 2. HP: 13/27 MP: 1/1
   543 | D:1      | Reached XP level 3. HP: 30/33 MP: 2/2
  1044 | D:2      | Found a white marble altar of Elyvilon.
  1617 | D:2      | Reached XP level 4. HP: 40/40 MP: 3/3
  2029 | D:3      | Found a faded altar of an unknown god.
  2141 | D:3      | HP: 1/41 [leopard gecko (4)]
  2141 | D:3      | Slain by a gnoll

Vault maps used:
D:1:      matt_arrival_los_fun, minmay_tromino_v4_c
D:2:      elyvilon_altar_4, st_stairs_3
D:3:      chequers_ecumenical_altar_simple_redux, uniq_crazy_yiuf_cottage

Skill      XL: |  1  2  3 |
---------------+----------+-----
Axes           | 3 4 |  4.5
Fighting       | 4 |  4.5
Armour         | 4 |  4.4
Shields        | |  3.6

Action                   |  1- 3 |  4- 6 || total
-------------------------+-------+-------++-------
Melee: War axe           |    97 |    52 ||   149
       Headbutt          |    10 |     9 ||    19
  Eat: Chunk             |     2 |     2 ||     4
Armor: Scale mail        |    46 |    26 ||    72
Dodge: Dodged            |    26 |    17 ||    43
Block: Shield            |    42 |    28 ||    70

Table legend:
 A = Spawn XP
 B = Non-spawn XP
 C = Spawn XP percentage of total XP
 D = Spawn monster count
 E = Non-spawn monster count
 F = Spawn count percentage of total count
 G = Total turns spent on level
                    A         B        C        D         E        F      G
               +---------+---------+-------+---------+---------+-------+---------
         Total |       0 |     154 |   0.0 |       0 |      65 |   0.0 |  2141
               +---------+---------+-------+---------+---------+-------+---------
           D:1 |       0 |      62 |   0.0 |       0 |      23 |   0.0 |   973
           D:2 |       0 |      35 |   0.0 |       0 |      22 |   0.0 |   798
           D:3 |       0 |      57 |   0.0 |       0 |      20 |   0.0 |   370
               +---------+---------+-------+---------+---------+-------+---------
